 Dungeon Crawl Stone Soup version 0.28.0-53-g5a82cb258f (webtiles) character file.

Game seed: 13434046340338549360

9 safid the Digger (level 2, -7/16 HPs)
             Began as a Gargoyle Earth Elementalist on Sept 2, 2022.
             Mangled by a gnoll
             ... wielding a +0 flail
              (10 damage)
             ... on level 1 of the Dungeon.
             The game lasted 00:00:49 (723 turns).

safid the Digger (Gargoyle Earth Elementalist)       Turns: 723, Time: 00:00:49

Health: -7/16      AC:  4    Str: 11    XL:     2   Next: 16%
Magic:  1/5        EV: 12    Int: 15    God:
Gold:   78         SH:  0    Dex: 10    Spells: 4/5 levels left

rFire   . . .      SeeInvis .   e - +0 short sword
rCold   . . .      Faith    .   (no shield)
rNeg    + . .      Spirit   .   b - +0 robe
rPois   ∞          Reflect  .   (no helmet)
rElec   +          Harm     .   (no cloak)
rCorr   .          Rampage  .   (no gloves)
Will    .....                   (no boots)
Stlth   ++........              (no amulet)
HPRegen 0.05/turn               (no ring)
MPRegen 0.09/turn               (no ring)

@: very slightly contaminated
A: sickness immunity, AC +2, negative energy resistance 1, electricity
resistance, torment resistance 1, petrification resistance
a: no special abilities


You were on level 1 of the Dungeon.
You visited 1 branch of the dungeon, and saw 2 of its levels.

You collected 78 gold pieces.

Inventory:

Hand Weapons
 e - a +0 short sword (weapon)
Missiles
 c - 84 stones
Armour
 b - a +0 robe (worn)
Scrolls
 a - 2 scrolls of blinking {unknown}
Potions
 d - a potion of mutation {unknown}
 f - a potion of curing {unknown}
 g - a potion of haste {unknown}


   Skills:
 + Level 0.6 Fighting
 + Level 1.7 Dodging
 - Level 2.1 Stealth
 + Level 2.1 Spellcasting
 - Level 1.0 Transmutations
 + Level 3.8 Earth Magic


You had 4 spell levels left.
You knew the following spells:

 Your Spells              Type           Power      Damage    Failure   Level
a - Sandblast             Erth           26%        2d8       4%          1

Your spell library contained the following spells:

 Spells                   Type           Power      Damage    Failure   Level
 Passwall                 Tmut/Erth      6%         N/A       12%         2
 Stone Arrow              Conj/Erth      14%        3d7       30%         3
 Petrify                  Tmut/Erth      8%         N/A       63%         4


Dungeon Overview and Level Annotations

Branches:
Dungeon (2/15)

Altars:


Innate Abilities, Weirdness & Mutations

You are immune to sickness and miasma.
Your stone body is resilient. (AC +2)
You are immune to poison.
You resist negative energy. (rN+)
You are resistant to electric shocks. (rElec)
You are resistant to unholy torment.
You are immune to petrification.


Message History

Aim: a gnoll, wielding a +0 flail (82% to hit)
The blast of sand hits the gnoll!
The gnoll is heavily wounded.
Unknown command.
Casting: Sandblast (safe; 4% risk of failure)
Confirm with . or Enter, or press ? or * to list all spells.
Aiming: Sandblast (safe; 4% risk of failure)
Press: ? - help, Shift-Dir - straight line, f/p - gnoll
Aim: a gnoll, wielding a +0 flail (heavily wounded, 82% to hit)
You miscast Sandblast.
You are very lightly contaminated with residual magic.
Nothing appears to happen.
An endoplasm comes into view.
The gnoll hits you with a +0 flail!
A rat comes into view.
Casting: Sandblast (safe; 4% risk of failure)
Confirm with . or Enter, or press ? or * to list all spells.
Aiming: Sandblast (safe; 4% risk of failure)
Press: ? - help, Shift-Dir - straight line, f/p - gnoll
Aim: a gnoll, wielding a +0 flail (heavily wounded, 82% to hit)
The blast of sand hits the gnoll but does no damage.
The gnoll is heavily wounded.
The endoplasm quivers.
A rat comes into view.
The gnoll hits you with a +0 flail.
The gnoll hits you from afar with a +0 spear.
* * * LOW HITPOINT WARNING * * *
The gnoll closely misses you.
You climb upwards.
There is a stone staircase leading down here.
Casting: Sandblast (safe; 4% risk of failure)
Confirm with . or Enter, or press ? or * to list all spells.
Aiming: Sandblast (safe; 4% risk of failure)
Press: ? - help, Shift-Dir - straight line, f - gnoll
Aim: a gnoll, wielding a +0 flail (heavily wounded, 82% to hit)
The blast of sand hits the gnoll.
The gnoll is heavily wounded.
The gnoll hits you with a +0 flail!
Ouch! That really hurt!
You die...

....#######....#
####......#....#
..##.###.##....#########
...#.###.##..#.#.......#
#..#...#.##..#...#####.#
....##.#.##[.#...# #.#
....##.#.....#...# #>#
.#........#.##..g#####.#
#.......#.#.....@......#
......#.#.######.#######
......#.#.# #.#
###...#.#.# #.#
.....##...# #.#
.....###########.#
#....##..........#
.#...##.##########
....###.#.....#


You could see a gnoll.

Vanquished Creatures
  3 endoplasms (D:1)
  A hobgoblin (D:1)
  2 kobolds (D:1)
  3 rats (D:1)
9 creatures vanquished.

Notes
Turn   | Place    | Note
-------+----------+-------------------------------------------
     0 | D:1      | safid the Gargoyle Earth Elementalist began the quest for
                  | the Orb.
     0 | D:1      | Reached XP level 1. HP: 10/10 MP: 3/3
   361 | D:1      | Reached skill level 1 in Transmutations
   361 | D:1      | Reached XP level 2. HP: 11/16 MP: 5/5
   717 | D:2      | Noticed a black bear
   723 | D:1      | Mangled by a gnoll

Illustrated notes

Levels and vault maps discovered:
D:1:      minmay_arrival_radiant_lines, layout_basic, minivault_14
D:2:      layout_loops_ring, shapermc_ecumenical_altar_petra,
          nicolae_concentric_dashed_squares_wild

Skill      XL: |  1 |
---------------+----+-----
Transmutations | 1 |  1.0
Fighting       | |  0.6
Dodging        | |  1.7
Stealth        | |  2.1
Spellcasting   | |  2.1
Earth Magic    | |  3.8

Action                   || total
-------------------------++-------
Melee: Short sword       ||    21
       Unarmed           ||     3
       Punch             ||     1
 Cast: Sandblast         ||     7
 Stab: Sleeping          ||     2
Armor: Robe              ||     6
Dodge: Dodged            ||    16
